 Dungeon Crawl Stone Soup version 0.28.0-53-g5a82cb258f (webtiles) character file.

Game seed: 17190136032815393836

12539 Erymatos the Cleaver (level 11, -6/101 HPs)
             Began as a Minotaur Berserker on June 8, 2022.
             Was an Elder of Trog.
             Mangled by a troll (14 damage)
             ... on level 10 of the Dungeon.
             The game lasted 00:14:11 (9840 turns).

Erymatos the Cleaver (Minotaur Berserker)           Turns: 9840, Time: 00:14:26

Health: -6/101     AC: 17    Str: 24    XL:     11   Next: 63%
Magic:  10/10      EV: 10    Int:  4    God:    Trog [****..]
Gold:   636        SH:  6    Dex: 12    Spells: 10/10 levels left

rFire   . . .      SeeInvis .   w - +2 hand axe (flame)
rCold   . . .      Faith    .   C - +2 buckler
rNeg    . . .      Spirit   .   q - +0 chain mail
rPois   +          Reflect  .   B - +0 hat
rElec   .          Harm     .   r - +3 cloak "Axeukhlozxu" {rPois Will+ Slay+3}
rCorr   .          Rampage  .   (no gloves)
Will    +++..                   (no boots)
Stlth   ..........              (no amulet)
HPRegen 1.26/turn               (no ring)
MPRegen 0.12/turn               (no ring)

@: strong-willed, on berserk cooldown, regenerating, slowed, very slow
A: horns 2, retaliatory headbutt
a: Renounce Religion, Berserk, Trog's Hand, Brothers in Arms


You were on level 10 of the Dungeon.
You worshipped Trog.
Trog was greatly pleased with you.
You visited 1 branch of the dungeon, and saw 10 of its levels.

You collected 636 gold pieces.

Inventory:

Hand Weapons
 w - a +2 hand axe of flaming (weapon)
 D - a +5 battleaxe
 H - a +5 morningstar of freezing
Missiles
 F - 3 throwing nets (quivered)
Armour
 a - a +0 plate armour
 q - a +0 chain mail (worn)
 r - the +3 cloak "Axeukhlozxu" (worn) {rPois Will+ Slay+3}
   (You found it on level 5 of the Dungeon)

   Slay:      It affects your accuracy & damage with ranged weapons and melee
   (+3).
   rPois:     It protects you from poison.
   Will:      It increases your willpower.
 B - a +0 hat (worn)
 C - a +2 buckler (worn)
 E - a +0 kite shield
Jewellery
 n - a ring of fire
Wands
 u - a wand of paralysis (20)
 v - a wand of polymorph (10)
 y - a wand of iceblast (8)
Scrolls
 c - 2 scrolls of vulnerability {unknown}
 d - 4 scrolls of enchant armour {unknown}
 e - 4 scrolls of identify {unknown}
 g - 4 scrolls of teleportation {unknown}
 h - 2 scrolls of immolation {unknown}
 i - 2 scrolls of amnesia {unknown}
 l - 3 scrolls of noise {unknown}
 m - 2 scrolls of fog {unknown}
 s - 3 scrolls of blinking {unknown}
 G - a scroll of enchant weapon {unknown}
Potions
 b - 5 potions of curing {unknown}
 f - 2 potions of brilliance {unknown}
 j - 3 potions of berserk rage {unknown}
 k - 2 potions of haste {unknown}
 o - a potion of heal wounds {unknown}
 p - a potion of flight {unknown}
 t - 2 potions of mutation {unknown}
 x - a potion of magic {unknown}
 z - 2 potions of might {unknown}
 A - a potion of cancellation {unknown}


   Skills:
 + Level 10.3 Fighting
 + Level 14.3 Axes
 + Level 13.3 Armour
 + Level 4.9 Dodging
 + Level 2.1 Stealth
 + Level 2.5 Shields


You had 10 spell levels left.
You didn't know any spells.
Your spell library was empty.

Dungeon Overview and Level Annotations

Branches:
Dungeon (10/15)            Temple (0/1) D:5            Lair (0/6) D:10
    Orc: D:9-12

Altars:
Gozag
Okawaru
Qazlal
Ru
Trog
Uskayaw
Vehumet
Xom
Yredelemnul
Zin

Shops:
D:2 *   D:4 [((:=   D:7 ?


Innate Abilities, Weirdness & Mutations

You have a pair of horns on your head.
You reflexively headbutt those who attack you in melee.


Message History

Things that are here:
a +0 whip; a +0 short sword; a kobold corpse
Things that are here:
a +0 dagger; 6 poisoned darts
Okay, then.
You are too injured to fight recklessly!
Unknown command.
The troll bites you but does no damage. You block the troll's attack.
The troll closely misses you.
Things that are here:
a +0 whip; a +0 short sword; a kobold corpse Unknown command.
You slash the troll! You burn the troll. Your headbutt misses the troll.
The troll is moderately wounded.
A centaur comes into view.
The troll bites you but does no damage. The troll barely misses you.
The troll claws you.
The centaur shouts!
You slash the troll! You burn the troll.
The troll is heavily wounded.
You hear a bellow!
You hear two shouts!
The centaur wields a +0 shortbow.
The centaur shoots an arrow.
The arrow hits you. The troll bites you.
* * * LOW HITPOINT WARNING * * *
You block the troll's attack. x2
You fail to use your ability.
The centaur shoots an arrow.
You block the arrow. The troll bites you!
* * * LOW HITPOINT WARNING * * *
The troll claws you but does no damage. The troll claws you.
* * * LOW HITPOINT WARNING * * *
The centaur shoots an arrow.
You block the arrow. The troll bites you!
* * * LOW HITPOINT WARNING * * *
The troll claws you but does no damage. The troll completely misses you.
You hit the troll. You burn the troll.
The troll is heavily wounded.
The centaur shoots an arrow.
The arrow barely misses you.
The centaur shoots an arrow.
The arrow hits you.
* * * LOW HITPOINT WARNING * * *
The troll bites you!
You die...

.........# #.#
#.# #.# #.# #.#
#.# #)#
.#######)#
......))@#
......))T#
.......).#
.......))#
..!.............
.........######.
.........#
..c.......
..........


You could see a troll and a centaur.

Vanquished Creatures
  Gastronok (D:8)
  3 two-headed ogres
  3 centaur zombies (D:10)
  Joseph (D:8)
  A gargoyle (D:10)
  An efreet (D:10)
  A komodo dragon (D:10)
  2 trolls (D:9)
  Grinder (D:3)
  The ghost of Gabide the Ruffian, an amateur VSMo (D:4)
  2 shadows
  7 yaks
  A wyvern (D:7)
  5 vampire mosquitoes (D:10)
  An acid dragon (D:10)
  A water moccasin (D:7)
  An orc warrior (D:7)
  A sky beast (D:6)
  An ice beast (D:5)
  3 necrophages
  A black bear (D:7)
  6 ogres
  A centaur (D:9)
  2 phantoms
  3 kobold brigands
  Blork the orc (D:5)
  3 gnoll sergeants
  A bullfrog (D:8)
  3 scorpions
  A water moccasin zombie (D:4)
  A wyvern skeleton (D:4)
  A water moccasin skeleton (D:5)
  7 killer bees
  19 wights
  A gnoll shaman (D:5)
  2 jellies
  4 bullfrog skeletons
  3 bullfrog zombies
  3 hounds (D:5)
  4 orc priests
  4 iguanas
  3 orc wizards
  Ijyb (D:5)
  A hound skeleton (D:4)
  A howler monkey zombie (D:5)
  A howler monkey skeleton (D:7)
  3 adders
  13 gnolls
  2 ufetubi
  A worm (D:3)
  2 dart slugs (D:1)
  18 orcs
  6 endoplasms
  4 giant cockroaches
  8 goblins
  10 hobgoblins
  2 jackals (D:4)
  4 quokkas
  6 ball pythons
  9 bats
  2 frilled lizards
  11 kobolds
  5 rats
  A spectral orc (D:4)
223 creatures vanquished.

Vanquished Creatures (collateral kills)
  2 orc warriors (D:8)
  A gnoll sergeant (D:8)
  4 gnolls (D:8)
  5 orcs (D:8)
12 creatures vanquished.

Vanquished Creatures (others)
  10 plants (D:10)
10 creatures vanquished.

Grand Total: 245 creatures vanquished

Notes
Turn   | Place    | Note
-------+----------+-------------------------------------------
     0 | D:1      | Erymatos the Minotaur Berserker began the quest for the
                  | Orb.
     0 | D:1      | Reached XP level 1. HP: 19/19 MP: 0/0
   261 | D:1      | Reached XP level 2. HP: 26/27 MP: 1/1
   274 | D:1      | Reached skill level 4 in Axes
   559 | D:1      | Reached XP level 3. HP: 31/33 MP: 2/2
   794 | D:1      | Reached ** piety under Trog
  1369 | D:2      | Found a faded altar of an unknown god.
  1748 | D:2      | Found Sainluh's Assorted Antiques.
  1877 | D:3      | Reached XP level 4. HP: 41/41 MP: 3/3
  1908 | D:3      | Noticed Grinder
  1918 | D:3      | Killed Grinder
  1919 | D:3      | Reached skill level 5 in Fighting
  1919 | D:3      | Reached skill level 6 in Axes
  1919 | D:3      | Reached XP level 5. HP: 17/48 MP: 4/4
  2367 | D:3      | Reached XP level 6. HP: 56/56 MP: 5/5
  2546 | D:4      | Reached skill level 1 in Stealth
  2558 | D:4      | Identified the +0 robe "Amoditor" {rPois rCorr Str+7 Int-2}
  2915 | D:4      | Found a glowing silver altar of Zin.
  2915 | D:4      | Found an opulent altar of Gozag.
  2915 | D:4      | Found a shimmering altar of Xom.
  3102 | D:4      | Found a basalt altar of Yredelemnul.
  3171 | D:4      | Found a hide-covered altar of Uskayaw.
  3301 | D:4      | Found a transporter.
  3301 | D:4      | Noticed Gabide's ghost (amateur VSMo)
  3311 | D:4      | Found a transporter.
  3334 | D:4      | Reached skill level 7 in Axes
  3334 | D:4      | Reached XP level 7. HP: 61/61 MP: 6/6
  3341 | D:4      | Killed Gabide's ghost
  3342 | D:4      | Reached skill level 8 in Axes
  3500 | D:4      | Found Rostam's Dragon-Slaying Spoils.
  3535 | D:4      | Found Tuiz's Weapon Emporium.
  3539 | D:4      | Found Bomiosch's Jewellery Emporium.
  3540 | D:4      | Found Correuh's Book Emporium.
  3540 | D:4      | Found Qeyseq's Antique Weapon Emporium.
  3581 | D:4      | Reached *** piety under Trog
  3721 | D:5      | Entered Level 5 of the Dungeon
  3721 | D:5      | Noticed Blork the orc
  3729 | D:5      | Killed Blork the orc
  3730 | D:5      | Reached skill level 5 in Armour
  3875 | D:5      | Found a bloodstained altar of Trog.
  3916 | D:5      | Reached XP level 8. HP: 68/70 MP: 7/7
  4191 | D:5      | Found a radiant altar of Vehumet.
  4200 | D:5      | Found a staircase to the Ecumenical Temple.
  4232 | D:5      | Found a sacrificial altar of Ru.
  4300 | D:5      | Reached skill level 9 in Axes
  4478 | D:5      | Found a stormy altar of Qazlal.
  4482 | D:5      | Noticed an air elemental
  4496 | D:5      | Identified the +3 cloak "Axeukhlozxu" {rPois Will+ Slay+3}
  4629 | D:5      | Noticed Ijyb
  4636 | D:5      | Killed Ijyb
  5085 | D:5      | Reached skill level 10 in Axes
  5302 | D:6      | Reached XP level 9. HP: 77/78 MP: 8/8
  5755 | D:7      | Reached skill level 11 in Axes
  6370 | D:7      | Reached **** piety under Trog
  6443 | D:7      | Found Fiphumm's Magic Scroll Emporium.
  6930 | D:8      | Reached XP level 10. HP: 88/90 MP: 9/9
  7003 | D:8      | Noticed Gastronok
  7016 | D:8      | Killed Gastronok
  7017 | D:8      | Reached skill level 12 in Axes
  7017 | D:8      | Reached skill level 10 in Armour
  7238 | D:8      | Noticed a two-headed ogre
  7247 | D:8      | Killed a two-headed ogre
  7732 | D:8      | Noticed Joseph
  7744 | D:8      | Killed Joseph
  7975 | D:8      | Reached skill level 13 in Axes
  8578 | D:9      | Found an iron altar of Okawaru.
  8825 | D:9      | Reached XP level 11. HP: 97/97 MP: 10/10
  9095 | D:10     | Entered Level 10 of the Dungeon
  9161 | D:10     | Noticed a two-headed ogre
  9171 | D:10     | Killed a two-headed ogre
  9353 | D:10     | Found a staircase to the Lair.
  9706 | D:10     | Reached skill level 14 in Axes
  9706 | D:10     | Reached skill level 1 in Shields
  9751 | D:10     | Reached skill level 10 in Fighting
  9820 | D:10     | Noticed a two-headed ogre
  9827 | D:10     | Killed a two-headed ogre
  9840 | D:10     | Mangled by a troll

Illustrated notes

Levels and vault maps discovered:
D:1:      lightli_arrival_noodles, layout_basic
D:2:      layout_basic, serial_shops, shop, hellmonk_ecumenical_altar_zigzags,
          minmay_misc_feat_roman, minmay_fountain_box
D:3:      layout_basic, uniq_grinder
D:4:      layout_basic, yredelemnul_forgotten_temple_becter,
          mainiacjoe_overflow_alcove_2, gammafunk_temple_overflow_claw,
          gammafunk_ghost_mausoleum, minmay_shop_grid_forest,
          nicolae_shop_dragon_depot, serial_park_tiny_2
D:5:      minmay_inner_zag, layout_loops_cross, trog_butcher_becter,
          nicolae_qazlal_style_of_elements, nicolae_ru_sacrificial_ziggurat,
          vehumet_crystals, uniq_blork_the_orc, uniq_ijyb
D:6:      kb_forest_paths, layout_loops_ring, evilmike_ruin_ashenzari,
          grunt_decor_junction
D:7:      layout_basic, serial_shops, shop_coins
D:8:      layout_loops_corners, uniq_gastronok, uniq_joseph
D:9:      layout_cross, lemuel_round_altar, minmay_misc_feat_doors
D:10:     layout_long_grid, mainiacjoe_overflow_two_lobes, david_lair_shrubbed,
          orc_0_dummy, minmay_alternating_orb

Skill      XL: |  1  2  3  4  5  6  7  8  9 10 11 |
---------------+----------------------------------+-----
Axes           | 4 6 7 8 10 11 13 14 | 14.3
Fighting       | 4 5 6 8 9 10 | 10.3
Armour         | 3 4 5 7 9 11 13 | 13.3
Dodging        | 3 4 |  4.9
Stealth        | 1 2 |  2.1
Shields        | 2 |  2.5

Action                   |  1- 3 |  4- 6 |  7- 9 | 10-12 || total
-------------------------+-------+-------+-------+-------++-------
Melee: Hand axe          |    88 |    77 |   252 |   206 ||   623
       Headbutt          |    16 |    14 |    57 |    43 ||   130
       Punch             |     1 |     1 |     3 |       ||     5
Invok: Berserk           |       |     2 |     4 |     8 ||    14
       Trog's Hand       |       |       |       |     3 ||     3
       Brothers in Arms  |       |       |       |     1 ||     1
Armor: Animal skin       |     9 |       |       |       ||     9
       Ring mail         |    14 |    21 |    10 |       ||    45
       Chain mail        |       |       |    92 |    84 ||   176
Dodge: Dodged            |    49 |    42 |    93 |    63 ||   247
Block: Buckler           |       |       |       |    45 ||    45
